[Event "Titled Tuesday Blitz June 14 Late 2022"]
[White "Swicarz, Maciej"]
[Black "Daggupati, Balaji"]
[WhiteFideId "1113585"]
[BlackFideId "2090759"]
[WhiteElo "2049"]
[BlackElo "2697"]
[Result "1-0"]
[Round "08"]
[TimeControl "180+1"]
[Date "2022.06.14"]
[WhiteClock "0:00:10"]
[BlackClock "0:00:12"]

1. c4 e5 2. d3 Nf6 3. a3 a5 4. g3 d5 5. cxd5 Qxd5 6. Nf3 Nc6 7. Nc3 Qd8 8. Bg2 Bc5 9. O-O O-O 10. Rb1 Be6 11. Ng5 Bf5 12. Nge4 Nxe4 13. Nxe4 Be7 14. Be3 Be6 15. Nc5 Bxc5 16. Bxc5 Bd5 17. Bxf8 Bxg2 18. Kxg2 Kxf8 19. Rc1 Nd4 20. Kg1 Ra6 21. e3 Ne6 22. Qf3 Rb6 23. Qe2 Qd5 24. Rc4 Rd6 25. Rd1 c6 26. b4 Ng5 27. e4 Qb5 28. Rc5 Qb6 29. Rxa5 Qd4 30. Qe3 Ne6 31. Qxd4 Nxd4 32. Kg2 f6 33. f4 exf4 34. gxf4 Rd7 35. Kf2 Kf7 36. Ra8 Re7 37. Ke3 Nc2+ 38. Kd2 Nd4 39. Rf1 Rd7 40. Rb8 h6 41. f5 Ke7 42. a4 Nb3+ 43. Kc3 Nd4 44. Ra1 Ne2+ 45. Kd2 Nf4 46. Ra3 Nh3 47. a5 Nf2 48. Kc3 Nd1+ 49. Kd2 Nf2 50. Ke2 Ng4 51. h3 Ne5 52. a6 bxa6 53. Rb6 Kd6 54. Rbxa6 Rb7 55. Rb3 Kd7 56. Ra8 Ke7 57. Rg8 Kf7 58. Rc8 g6 59. d4 Nd7 60. fxg6+ Kxg6 61. Rxc6 Kf7 62. Kd3 Ra7 63. b5 Nb8 64. Rc5 Rb7 65. b6 Na6 66. Ra5 Nb8 67. Ra7 1-0


[Site "https://www.chess.com"]

[Event "Titled Tuesday Blitz June 14 Late 2022"]
[White "Swiercz, Dariusz"]
[Black "Al-Tarboush, Ward"]
[WhiteFideId "1126881"]
[BlackFideId "7601450"]
[WhiteElo "2627"]
[BlackElo "2249"]
[Result "1-0"]
[Round "08"]
[TimeControl "180+1"]
[Date "2022.06.14"]
[WhiteClock "0:01:33"]
[BlackClock "0:00:03"]

1. e4 b6 2. d4 Bb7 3. Bd3 e6 4. Nf3 c5 5. c3 Nf6 6. Qe2 Be7 7. O-O Nc6 8. a3 Na5 9. Nbd2 c4 10. Bc2 Qc7 11. Re1 d6 12. e5 Nd5 13. Ne4 dxe5 14. dxe5 O-O-O 15. Bg5 f6 16. exf6 gxf6 17. Nxf6 Bxf6 18. Qxe6+ Kb8 19. Bxf6 Rd6 20. Qxd6 Qxd6 21. Be5 Qxe5 22. Rxe5 Nf4 23. Rae1 Bc6 24. Nd4 Nb3 25. Nxc6+ 1-0


[Site "https://www.chess.com"]

[Event "Titled Tuesday Blitz June 14 Late 2022"]
[White "Tanenbaum, Zachary"]
[Black "Bluebaum, Matthias"]
[WhiteFideId "2060850"]
[BlackFideId "24651516"]
[WhiteElo "2175"]
[BlackElo "2556"]
[Result "0-1"]
[Round "08"]
[TimeControl "180+1"]
[Date "2022.06.14"]
[WhiteClock "0:00:01"]
[BlackClock "0:01:59"]

1. e4 e5 2. Nf3 Nf6 3. Nxe5 d6 4. Nf3 Nxe4 5. Nc3 Nxc3 6. dxc3 Be7 7. Be3 Nd7 8. Qd2 O-O 9. O-O-O Nf6 10. Bd3 Re8 11. Ng5 h6 12. h4 d5 13. Bd4 c5 14. Bxf6 Bxf6 15. Bb5 Bd7 16. Qxd5 Bxg5+ 17. hxg5 Bxb5 18. gxh6 Qxd5 19. Rxd5 Bc6 20. Rxc5 Re6 21. hxg7 Kxg7 22. Rg5+ Rg6 23. Rxg6+ fxg6 24. f3 Rh8 25. Rxh8 Kxh8 26. Kd2 Kg7 27. Ke3 Kf6 28. Kf4 g5+ 29. Kg4 Bd7+ 30. Kg3 Bf5 31. c4 Bxc2 32. f4 Be4 33. Kg4 gxf4 34. Kxf4 Bxg2 35. b3 Ke6 36. b4 Bf1 37. c5 Kd5 38. Kf5 Kc4 39. a3 Kb3 40. Ke5 Kxa3 0-1


[Site "https://www.chess.com"]

[Event "Titled Tuesday Blitz June 14 Late 2022"]
[White "Terry, Renato"]
[Black "Acosta, Pablo Ismael"]
[WhiteFideId "3803457"]
[BlackFideId "124311"]
[WhiteElo "2577"]
[BlackElo "2313"]
[Result "1-0"]
[Round "08"]
[TimeControl "180+1"]
[Date "2022.06.14"]
[WhiteClock "0:00:42"]
[BlackClock "0:00:05"]

1. d4 d5 2. Nf3 Nf6 3. c4 c6 4. Nc3 Bf5 5. cxd5 cxd5 6. Qb3 Qb6 7. Nxd5 Nxd5 8. Qxd5 e6 9. Qb3 Nc6 10. e3 Bb4+ 11. Bd2 O-O 12. a3 Bxd2+ 13. Nxd2 Rfd8 14. Qxb6 axb6 15. Bb5 e5 16. Bxc6 bxc6 17. dxe5 Ra5 18. Nf3 Be4 19. Rc1 Rb5 20. b4 c5 21. bxc5 bxc5 22. O-O Ra8 23. Rc3 Bxf3 24. gxf3 g5 25. Rd1 Rba5 26. Rd5 Rxa3 27. Rxa3 Rxa3 28. Rxc5 Kg7 29. Kg2 Kg6 30. Rc6+ Kg7 31. Kg3 h6 32. h4 Ra4 33. hxg5 hxg5 34. f4 gxf4+ 35. exf4 Ra3+ 36. Kg4 Ra2 37. f3 Rf2 38. f5 Re2 39. Kf4 Re1 40. Rc7 Kg8 41. Re7 Kf8 42. f6 Kg8 43. Kf5 Re3 44. f4 Kf8 45. Ra7 Kg8 46. Ra8+ Kh7 47. Rf8 Rg3 48. Rxf7+ Kh8 49. Ra7 Rg8 50. f7 Rf8 51. Kf6 Kh7 52. Ra1 1-0


[Site "https://www.chess.com"]

[Event "Titled Tuesday Blitz June 14 Late 2022"]
[White "Tica, Sven"]
[Black "Oparin, Grigoriy"]
[WhiteFideId "14526948"]
[BlackFideId "24125890"]
[WhiteElo "2346"]
[BlackElo "2639"]
[Result "1-0"]
[Round "08"]
[TimeControl "180+1"]
[Date "2022.06.14"]
[WhiteClock "0:02:05"]
[BlackClock "0:01:06"]

1. d4 Nf6 2. Nc3 g6 3. Bf4 d5 4. e3 Bg7 5. Be2 O-O 6. h4 h5 7. Nf3 Bg4 8. Ne5 Bxe2 9. Qxe2 Nbd7 10. O-O-O c6 11. f3 Nxe5 12. Bxe5 Qd7 13. Rdg1 Rae8 14. g4 hxg4 15. fxg4 Nh7 16. Bxg7 Kxg7 17. g5 e5 18. Qh2 exd4 19. h5 Kg8 20. exd4 Qf5 21. hxg6 Qxg6 22. Ne2 Rxe2 23. Qxe2 Qe4 24. Qxe4 dxe4 25. g6 Nf6 26. g7 1-0


[Site "https://www.chess.com"]

[Event "Titled Tuesday Blitz June 14 Late 2022"]
[White "Vasquez Schroeder, Rodrigo"]
[Black "Bringas Gomez, Artai"]
[WhiteFideId "3400042"]
[BlackFideId "24534064"]
[WhiteElo "2567"]
[BlackElo "1988"]
[Result "1-0"]
[Round "08"]
[TimeControl "180+1"]
[Date "2022.06.14"]
[WhiteClock "0:01:45"]
[BlackClock "0:00:20"]

1. e4 c6 2. d4 d5 3. exd5 cxd5 4. c4 Nf6 5. Nc3 Nc6 6. Bg5 Be6 7. a3 g6 8. Be2 Bg7 9. Bf3 Qb6 10. cxd5 Bxd5 11. Nxd5 Nxd5 12. Ne2 Rd8 13. O-O O-O 14. Nc3 Nxc3 15. bxc3 Rd7 16. Qa4 Nb8 17. Bf4 Qa6 18. Qxa6 Nxa6 19. Rab1 b6 20. a4 Rc8 21. Rfc1 Rc4 22. Be2 Rxa4 23. Bb5 1-0


[Site "https://www.chess.com"]

[Event "Titled Tuesday Blitz June 14 Late 2022"]
[White "Wachinger, Guenther"]
[Black "Guzman, Christopher"]
[WhiteFideId "4604261"]
[BlackFideId "6405096"]
[WhiteElo "2212"]
[BlackElo "2244"]
[Result "1/2-1/2"]
[Round "08"]
[TimeControl "180+1"]
[Date "2022.06.15"]
[WhiteClock "0:00:10"]
[BlackClock "0:01:03"]

1. e4 c6 2. c4 d5 3. cxd5 cxd5 4. exd5 Qxd5 5. Nc3 Qd8 6. Nf3 Nf6 7. d4 e6 8. Bd3 Be7 9. O-O O-O 10. Re1 b6 11. Qe2 Bb7 12. Ne4 Nbd7 13. Bf4 Nxe4 14. Bxe4 Bxe4 15. Qxe4 Nf6 16. Qd3 Rc8 17. Rad1 Qd5 18. a3 Rfd8 19. Be5 Qc4 20. g3 Qxd3 21. Rxd3 Rc2 22. Rd2 Rdc8 23. Red1 Nd5 24. Rxc2 Rxc2 25. Rd2 Rc1+ 26. Kg2 f6 27. Bb8 a5 28. g4 a4 29. h3 Kf7 30. Bg3 Ke8 31. Re2 Kd7 32. Ne1 b5 33. Kf3 g5 34. h4 h6 35. h5 b4 36. Nd3 Rc4 37. Nxb4 Nxb4 38. axb4 Rxd4 39. Rc2 Bd6 40. Bxd6 Kxd6 41. b5 Rb4 42. Rc6+ Ke5 43. Ra6 Rxb2 44. Rxa4 Rxb5 45. Re4+ Kd6 46. Ra4 Ke5 47. Re4+ Kd5 48. Ra4 Rb3+ 49. Kg2 Rc3 50. Ra7 Ke4 51. Ra4+ Ke5 52. Ra5+ Kd6 53. Ra7 Rc7 54. Ra8 Ke5 55. Ra5+ Kd4 56. Ra4+ Rc4 57. Ra8 Ke4 58. Kg3 Rc3+ 59. Kg2 f5 60. Ra4+ Ke5 61. gxf5 Kxf5 62. Ra5+ e5 63. Ra6 e4 64. Rxh6 e3 65. fxe3 Rxe3 66. Rh8 Re4 67. h6 Kg6 68. Ra8 Kxh6 69. Ra6+ Kh5 70. Ra1 Kg4 71. Kg1 Re2 72. Rb1 Kg3 73. Rb3+ Kh4 74. Rb1 g4 75. Ra1 Kh3 76. Ra3+ g3 77. Ra1 Re3 78. Rb1 Rc3 79. Rd1 Rb3 80. Ra1 Kh4 81. Ra4+ Kh3 82. Ra1 Rb4 83. Rc1 Kg4 84. Rd1 Ra4 85. Rf1 Ra2 86. Rb1 Kf3 87. Rb3+ Kf4 88. Rb1 Ra3 89. Rb4+ Kf3 90. Rb1 Re3 91. Rf1+ Kg4 92. Ra1 Kh3 93. Rb1 Rf3 94. Ra1 Rf4 95. Rb1 Ra4 96. Rc1 Ra2 97. Rd1 Rc2 98. Ra1 Rh2 99. Rb1 Rf2 100. Ra1 Kg4 101. Ra4+ Rf4 102. Rxf4+ Kxf4 103. Kg2 Kg4 104. Kg1 Kh4 105. Kg2 Kg4 106. Kg1 Kh3 107. Kh1 Kg4 108. Kg2 Kf4 109. Kg1 Ke3 110. Kg2 Kf4 111. Kg1 Kf3 112. Kf1 Kg4 113. Kg2 Kg5 114. Kxg3 1/2-1/2


[Site "https://www.chess.com"]

[Event "Titled Tuesday Blitz June 14 Late 2022"]
[White "Wang, Isaac"]
[Black "Ocelak, Jakub"]
[WhiteFideId "30977185"]
[BlackFideId "23707933"]
[WhiteElo "2252"]
[BlackElo "2048"]
[Result "1-0"]
[Round "08"]
[TimeControl "180+1"]
[Date "2022.06.15"]
[WhiteClock "0:00:17"]
[BlackClock "0:00:16"]

1. d4 f5 2. c4 e6 3. Nc3 Nf6 4. Bg5 Bb4 5. Rc1 b6 6. e3 Bb7 7. f3 O-O 8. Bd3 d6 9. Ne2 Nbd7 10. O-O Bxc3 11. Nxc3 Qe8 12. Nb5 Qc8 13. Qe2 a6 14. Nc3 Qe8 15. b4 Qh5 16. Bf4 e5 17. Bg3 Rae8 18. dxe5 Nxe5 19. Bb1 Ng6 20. Qf2 Qg5 21. Rfe1 Nh5 22. Nd5 Bxd5 23. cxd5 Re7 24. Rc3 Rfe8 25. f4 Qf6 26. Rec1 Qf7 27. a3 Qxd5 28. Ba2 Nhxf4 29. Bxf4 Nxf4 30. Bxd5+ Nxd5 31. Qxf5 Nxc3 32. Rxc3 Rf7 33. Qd5 Re7 34. e4 h6 35. Rf3 Kf8 36. Rxf7+ Rxf7 37. e5 Re7 38. exd6 cxd6 39. Qxd6 Kf7 40. Qxb6 Re1+ 41. Kf2 Re6 42. Qb7+ Kg6 43. Qd5 Rf6+ 44. Kg3 Kh7 45. h4 Rg6+ 46. Kh3 Rf6 47. h5 Kh8 48. g4 Kh7 49. Qe5 Rc6 50. Qe4+ g6 51. Qxc6 gxh5 52. gxh5 Kg7 53. Qg6+ Kh8 54. Qxh6+ 1-0


[Site "https://www.chess.com"]

[Event "Titled Tuesday Blitz June 14 Late 2022"]
[White "Wartiovaara, Oliver"]
[Black "Uskov, Artem"]
[WhiteFideId "513024"]
[BlackFideId "34254854"]
[WhiteElo "1971"]
[BlackElo "2335"]
[Result "1-0"]
[Round "08"]
[TimeControl "180+1"]
[Date "2022.06.15"]
[WhiteClock "0:00:15"]
[BlackClock "0:00:36"]

1. e4 Nf6 2. e5 Nd5 3. d4 d6 4. Nf3 Bg4 5. Be2 e6 6. O-O Be7 7. c4 Nb6 8. Nc3 O-O 9. h3 Bh5 10. Be3 Nc6 11. exd6 cxd6 12. d5 exd5 13. Nxd5 Bxf3 14. Bxb6 axb6 15. Bxf3 Bf6 16. Nxf6+ Qxf6 17. b3 Ra5 18. Qd2 Rfa8 19. a4 Nd4 20. Bd1 b5 21. cxb5 Nxb5 22. Rc1 Nd4 23. Qxa5 Re8 24. Re1 Rf8 25. Qd5 g6 26. Rc7 Ne6 27. Rxb7 Nf4 28. Qf3 Qg5 29. Qg3 Qf6 30. Bf3 Nd3 31. Rf1 Nc5 32. Rb6 Rd8 33. Bd5 Qd4 34. Qf3 Rf8 35. Rxd6 Qe5 36. Rc6 Nd7 37. Rcc1 Nf6 38. Rcd1 Kg7 39. Bc4 h5 40. Rfe1 Qc5 41. Qe3 Qf5 42. Qf3 Qa5 43. Re7 Qc5 44. Qb7 Kh6 45. Rxf7 Re8 46. Rxf6 Qg5 47. Qf3 Re4 48. Qxe4 Qxf6 49. Qe3+ g5 50. Qe6 Qxe6 51. Bxe6 Kg6 52. Bc4 g4 53. a5 gxh3 54. gxh3 Kg5 55. a6 Kh4 56. a7 Kxh3 57. a8=Q h4 58. Qf3# 1-0


[Site "https://www.chess.com"]

[Event "Titled Tuesday Blitz June 14 Late 2022"]
[White "Xiong, Jeffery"]
[Black "Ivic, Velimir"]
[WhiteFideId "2047640"]
[BlackFideId "950122"]
[WhiteElo "2714"]
[BlackElo "2610"]
[Result "1-0"]
[Round "08"]
[TimeControl "180+1"]
[Date "2022.06.14"]
[WhiteClock "0:00:10"]
[BlackClock "0:00:02"]

1. e4 c5 2. Nf3 Nc6 3. Nc3 e5 4. Bc4 Be7 5. d3 d6 6. a4 Nf6 7. Bg5 O-O 8. Bxf6 Bxf6 9. Nd5 Be6 10. c3 Rc8 11. Qd2 h6 12. O-O Be7 13. b4 cxb4 14. cxb4 Bg5 15. Qb2 Ne7 16. Qb3 Ng6 17. d4 exd4 18. Nxd4 Ne5 19. Nxe6 fxe6 20. Ne3 d5 21. Be2 Bxe3 22. Qxe3 d4 23. Qg3 Qd6 24. f4 Nc6 25. e5 Qxb4 26. Qg6 Qb3 27. Bd3 Ne7 28. Qh7+ Kf7 29. Rab1 Qd5 30. Be4 Qc5 31. Rxb7 d3+ 32. Kh1 Rc7 33. Rb5 Qf2 34. Bxd3 Qe3 35. Rbb1 Rd8 36. Be4 Rc4 37. Rbe1 Qd2 38. f5 exf5 39. Bxf5 Rf4 40. Bd3 Rxd3 41. Rxf4+ Ke6 42. Rff1 1-0


[Site "https://www.chess.com"]

[Event "Titled Tuesday Blitz June 14 Late 2022"]
[White "Yoo, Christopher Woojin"]
[Black "Yurovskykh, Oleksandr"]
[WhiteFideId "30909694"]
[BlackFideId "14134020"]
[WhiteElo "2105"]
[BlackElo "2292"]
[Result "1-0"]
[Round "08"]
[TimeControl "180+1"]
[Date "2022.06.14"]
[WhiteClock "0:00:32"]
[BlackClock "0:00:01"]

1. e4 d5 2. Nc3 d4 3. Nce2 e5 4. d3 c5 5. g3 Nc6 6. Bg2 Nf6 7. f4 Be7 8. Nf3 O-O 9. O-O Ng4 10. h3 Ne3 11. Bxe3 dxe3 12. fxe5 Qc7 13. Nf4 Be6 14. Qe1 Nxe5 15. Qxe3 Nxf3+ 16. Rxf3 Bf6 17. c3 Rad8 18. Nxe6 fxe6 19. Raf1 Qd6 20. h4 Be5 21. Bh3 h6 22. Kg2 b6 23. Bg4 Rxf3 24. Rxf3 Rf8 25. Bh5 Rxf3 26. Qxf3 Qe7 27. Bg6 Qf6 28. Qh5 Kf8 29. Be8 Ke7 30. Bb5 g6 31. Qxh6 Kd6 32. a4 Kc7 33. Be8 Kd6 34. Bxg6 a6 35. h5 b5 36. axb5 axb5 37. Qe3 b4 38. cxb4 Bd4 39. bxc5+ Kxc5 40. Qf4 Qd8 41. h6 Qb6 42. Qd2 Bxb2 43. h7 Bd4 44. e5 Kd5 45. h8=Q 1-0


[Site "https://www.chess.com"]

[Event "Titled Tuesday Blitz June 14 Late 2022"]
[White "Yuan, Qingyu"]
[Black "Donskov, Anatoly"]
[WhiteFideId "8609772"]
[BlackFideId "24143413"]
[WhiteElo "2359"]
[BlackElo "2219"]
[Result "1-0"]
[Round "08"]
[TimeControl "180+1"]
[Date "2022.06.14"]
[WhiteClock "0:00:03"]
[BlackClock "0:00:01"]

1. e4 c5 2. Nf3 Nc6 3. Bc4 e6 4. O-O Nf6 5. Re1 d6 6. Bb5 Be7 7. e5 dxe5 8. Nxe5 Bd7 9. Bxc6 Bxc6 10. Nxc6 bxc6 11. Nc3 O-O 12. d3 h6 13. Qf3 Qb6 14. b3 Rad8 15. Bb2 Nd5 16. Ne4 f6 17. Ng3 e5 18. Nf5 Rf7 19. Qg4 Kf8 20. Qg6 Nf4 21. Qh7 Ke8 22. Qg8+ Rf8 23. Qxg7 Qc7 24. Re4 Bd6 25. Nxd6+ Qxd6 26. Rae1 Rd7 27. Qxh6 Re7 28. g3 Ne6 29. Qh5+ Rff7 30. Qf5 Kd8 31. Rh4 Kc7 32. Rh8 Rf8 33. Rxf8 Nxf8 34. Re4 Nd7 35. h4 Rg7 36. h5 Rg5 37. Qh7 Qf8 38. Rh4 c4 39. Rxc4 Qe8 40. Qe4 Nb6 41. Qh7+ Nd7 42. Rh4 f5 43. h6 f4 44. Kh2 fxg3+ 45. fxg3 Qf8 46. Qe4 Rf5 47. h7 Rf2+ 48. Kh3 Rxc2 49. Bxe5+ Kb7 50. Qf4 Qe8 51. h8=Q Qe6+ 52. Qg4 Qd5 53. Qxd7+ Qxd7+ 54. Rg4 Ka6 55. Qg7 Qd5 56. Kh4 Qh1+ 57. Kg5 Qd5 58. Qf6 Rc5 59. Ra4+ Kb5 60. d4 Qg8+ 61. Kf4 Rd5 62. Rc4 1-0


[Site "https://www.chess.com"]

[Event "Titled Tuesday Blitz June 14 Late 2022"]
[White "Zakhartsov, Vladimir"]
[Black "Guz, Ari"]
[WhiteFideId "4145097"]
[BlackFideId "2825759"]
[WhiteElo "2490"]
[BlackElo "1913"]
[Result "0-1"]
[Round "08"]
[TimeControl "180+1"]
[Date "2022.06.14"]
[WhiteClock "0:00:10"]
[BlackClock "0:00:11"]

1. e4 c5 2. Nf3 e6 3. d3 d5 4. Nbd2 Nf6 5. g3 Be7 6. Bg2 O-O 7. O-O b5 8. e5 Nfd7 9. Re1 Nc6 10. Nf1 a5 11. h4 Ba6 12. Bf4 b4 13. Ne3 Qb6 14. Ng5 Bxg5 15. hxg5 Rfd8 16. Ng4 Ne7 17. Nf6+ gxf6 18. gxf6 Ng6 19. Qh5 Kh8 20. Bg5 Rg8 21. f4 c4+ 22. Kh2 Ndf8 23. dxc4 Bxc4 24. Rh1 Rc8 25. Kh3 Qf2 26. Rh2 Qxc2 27. Bf3 Qd3 28. Rah1 Bb5 29. Be2 Qf5+ 30. Kg2 Qe4+ 31. Bf3 Rc2+ 32. Kh3 Rxh2+ 33. Rxh2 Bf1+ 34. Bg2 Bxg2+ 35. Rxg2 Qf5+ 36. Kh2 Nd7 37. Qh6 Ndf8 38. Qh5 d4 39. Qd1 h6 40. Bxh6 Nh7 41. Qxd4 Qh5+ 42. Kg1 Qxh6 43. Qd7 Qf8 44. Rh2 Qc5+ 45. Kg2 Nf8 46. Qd3 Qd5+ 47. Qxd5 exd5 48. Kf3 Ne6 49. Rd2 d4 50. f5 Neg5+ 51. Kf4 Rd8 52. Rd3 Kg8 53. a3 bxa3 54. bxa3 Rd5 55. g4 Kf8 56. Rb3 Ke8 57. Rb8+ Rd8 58. Rb2 d3 59. Rd2 Rd4+ 60. Ke3 Rd5 61. Rxd3 Rxe5+ 62. Kf4 Re4+ 63. Kg3 Nxf6 64. Rd6 Rxg4+ 65. Kh2 Nge4 66. Ra6 Rf4 67. Rxa5 Kf8 68. a4 Ng5 69. Kg3 Rg4+ 70. Kf2 Rf4+ 71. Ke3 Re4+ 72. Kd3 Re7 73. Ra6 Nge4 74. a5 Nc5+ 75. Kc4 Nxa6 76. Kb5 Nc7+ 77. Kb6 Nfd5+ 78. Kc6 Re5 79. f6 Re6+ 80. Kb7 Rxf6 81. a6 Nxa6 82. Ka8 Nac7+ 83. Kb7 Ke7 84. Ka7 Kd7 85. Kb7 Rb6+ 86. Ka7 Ne6 87. Ka8 Kc6 88. Ka7 Rb1 89. Ka8 Kc7 0-1


[Site "https://www.chess.com"]

[Event "Titled Tuesday Blitz June 14 Late 2022"]
[White "Zhou, Qiyu"]
[Black "Sanchez Alarcon, Juan"]
[WhiteFideId "505161"]
[BlackFideId "3401332"]
[WhiteElo "1925"]
[BlackElo "2164"]
[Result "1-0"]
[Round "08"]
[TimeControl "180+1"]
[Date "2022.06.15"]
[WhiteClock "0:00:13"]
[BlackClock "0:00:35"]

1. e4 c5 2. Nf3 d6 3. d4 cxd4 4. Nxd4 Nf6 5. Nc3 a6 6. Bd3 e6 7. Be3 Be7 8. f4 Qc7 9. O-O O-O 10. Qf3 Nc6 11. Rad1 Nxd4 12. Bxd4 e5 13. Be3 exf4 14. Bxf4 Nd7 15. Nd5 Qd8 16. Qg3 Bh4 17. Qe3 Ne5 18. Kh1 Be6 19. c4 Bxd5 20. exd5 Qe7 21. b3 Rfe8 22. Bf5 g6 23. Bb1 Bf6 24. Qg3 Bg7 25. Rde1 Qd7 26. Bg5 Qg4 27. Qxg4 Nxg4 28. h3 Ne5 29. Bf4 b5 30. cxb5 axb5 31. Rc1 Rec8 32. Rfe1 h5 33. Kg1 Kh7 34. Kf2 Bh6 35. Rxc8 Rxc8 36. Bxe5 dxe5 37. Rxe5 Rc1 38. Bd3 Ra1 39. Re2 b4 40. Bc4 Rd1 41. Kf3 Kg7 42. Ke4 f5+ 43. Ke5 Bg5 44. Kd6 Bf4+ 45. Kc6 Kf6 46. Re6+ Kg5 47. Re2 h4 48. Kb5 Bd2 49. Re7 Bc3 50. Kc6 Bf6 51. Re2 Kf4 52. d6 g5 53. d7 g4 54. hxg4 fxg4 55. Re6 Kf5 56. Rd6 Rc1 57. d8=Q Bxd8 58. Rxd8 h3 59. gxh3 gxh3 60. Rh8 Kg4 61. Kb5 Kg3 62. Rg8+ Kf2 63. Rf8+ Kg3 64. Rg8+ Kf2 65. Bd5 Rc2 66. Kxb4 Rxa2 67. Rh8 Kg3 68. Rg8+ Kf2 69. Rh8 Kg3 70. Kc5 Ra5+ 71. Kc4 Ra7 72. b4 Rc7+ 73. Kd4 Rd7 74. b5 h2 75. b6 1-0


[Site "https://www.chess.com"]

[Event "Titled Tuesday Blitz June 14 Late 2022"]
[White "Zhurbinsky, David"]
[Black "Shirov, Alexei"]
[WhiteFideId "2072904"]
[BlackFideId "2209390"]
[WhiteElo "2582"]
[BlackElo "2678"]
[Result "0-1"]
[Round "08"]
[TimeControl "180+1"]
[Date "2022.06.14"]
[WhiteClock "0:00:20"]
[BlackClock "0:01:11"]

1. e4 e5 2. Nf3 Nc6 3. Bb5 a6 4. Ba4 Nf6 5. O-O b5 6. Bb3 Bc5 7. c3 d6 8. d4 Bb6 9. dxe5 Nxe5 10. Nxe5 dxe5 11. Qxd8+ Kxd8 12. Bxf7 Rf8 13. Bd5 Nxd5 14. exd5 Bb7 15. Bg5+ Kd7 16. Na3 Bxd5 17. Rad1 Ke6 18. b3 Be4 19. Bh4 g5 20. Bg3 h5 21. Rfe1 h4 22. Bxh4 gxh4 23. Rxe4 Rxf2 24. Kh1 Rg8 25. Rxh4 Rfxg2 26. h3 Rxa2 27. Rh6+ Kf5 28. Nb1 Rgg2 29. Rf1+ Kg5 30. Rxb6 Rh2+ 0-1


[Site "https://www.chess.com"]

[Event "Titled Tuesday Blitz June 14 Late 2022"]
[White "Zlatin, Alexander"]
[Black "Janaszak, Dawid"]
[WhiteFideId "2810549"]
[BlackFideId "1119206"]
[WhiteElo "2228"]
[BlackElo "2199"]
[Result "1/2-1/2"]
[Round "08"]
[TimeControl "180+1"]
[Date "2022.06.15"]
[WhiteClock "0:00:08"]
[BlackClock "0:00:22"]

1. d4 Nf6 2. Nc3 d5 3. Bf4 g6 4. e3 Bg7 5. h4 h6 6. Nf3 c6 7. Be2 Qb6 8. Qd2 Qxb2 9. Rb1 Qa3 10. O-O O-O 11. Ne5 Qa5 12. Rb3 Nfd7 13. Nxd7 Nxd7 14. Bf3 e5 15. Bg3 exd4 16. exd4 Nf6 17. Rd1 b5 18. Nxd5 Qxd2 19. Nxf6+ Bxf6 20. Rxd2 Be6 21. d5 Bxd5 22. Bxd5 cxd5 23. Rxd5 Rfc8 24. Rdxb5 Rxc2 25. a4 Rac8 26. Rb7 a5 27. Rf3 R2c6 28. Rb5 Bd8 29. Rb7 Bc7 30. Bxc7 R8xc7 31. Rb5 Rc4 32. Rxa5 Rxh4 33. g3 Rhc4 34. Ra8+ Kg7 35. Ra3 Rd7 36. Ra2 Rdc7 37. a5 Rc2 38. Ra3 R7c3 39. Ra4 Rf3 40. Rf4 Rxf4 41. gxf4 h5 42. Kg2 Kf6 43. Rb8 Kf5 44. Rb7 f6 45. a6 Ra2 46. a7 Kxf4 47. Rb4+ Kg5 48. Rb5+ f5 49. Rb7 h4 50. Rh7 Kg4 51. Rg7 g5 52. Rh7 h3+ 53. Rxh3 Rxa7 54. Rg3+ Kf4 55. Rf3+ Ke5 56. Re3+ Kf6 57. Rc3 Ra6 58. Rc5 Re6 59. Rb5 g4 60. Kg3 Re5 61. Rxe5 Kxe5 62. f3 gxf3 63. Kxf3 f4 64. Kf2 Ke4 65. Ke2 f3+ 66. Kf2 Kf4 67. Kf1 Ke3 68. Ke1 Ke4 69. Kf2 Kf4 70. Kf1 Kg3 71. Kg1 f2+ 72. Kf1 Kf3 1/2-1/2


[Site "https://www.chess.com"]

[Event "Titled Tuesday Blitz June 14 Late 2022"]
[White "Acosta, Pablo Ismael"]
[Black "Hnydiuk, Aleksander"]
[WhiteFideId "124311"]
[BlackFideId "1109057"]
[WhiteElo "2313"]
[BlackElo "2374"]
[Result "1-0"]
[Round "09"]
[TimeControl "180+1"]
[Date "2022.06.14"]
[WhiteClock "0:00:12"]
[BlackClock "0:00:13"]

1. d4 Nf6 2. c4 g6 3. Nc3 Bg7 4. e4 d6 5. h3 O-O 6. Be3 e5 7. d5 a5 8. Nf3 Na6 9. Nd2 Nc5 10. g4 c6 11. Be2 cxd5 12. cxd5 a4 13. Bxc5 dxc5 14. Nc4 b5 15. Nxb5 Nxe4 16. Bf3 f5 17. d6 Be6 18. Nba3 Qh4 19. Qc2 Ng5 20. Bxa8 Rxa8 21. O-O-O e4 22. d7 Rd8 23. Qxa4 Nf3 24. Qc6 Qf6 25. gxf5 gxf5 26. Rd6 Ne5 27. Qb6 Qg5+ 28. Nd2 Nd3+ 29. Kb1 Bf7 30. Nac4 Nxf2 31. h4 Qe7 32. Rg1 Kf8 33. Qxc5 Nd3 34. Qxf5 e3 35. Rxg7 Kxg7 36. Rxd3 e2 37. Nf3 Bxc4 38. Qg4+ Kh8 39. Qd4+ Qg7 40. Qxc4 Qg1+ 41. Nxg1 e1=Q+ 42. Qc1 Qe4 43. Qc3+ Kg8 44. Kc1 Qf4+ 45. Kc2 Qf2+ 46. Rd2 Qxg1 47. Qc4+ Kh8 48. Qd4+ Qxd4 49. Rxd4 Kg7 50. b4 Kf6 51. b5 Ke5 52. Rd2 1-0


[Site "https://www.chess.com"]

[Event "Titled Tuesday Blitz June 14 Late 2022"]
[White "Aldokhin, Ivan"]
[Black "Kovanova, Baira"]
[WhiteFideId "24115720"]
[BlackFideId "4164083"]
[WhiteElo "2231"]
[BlackElo "2190"]
[Result "1-0"]
[Round "09"]
[TimeControl "180+1"]
[Date "2022.06.14"]
[WhiteClock "0:00:02"]
[BlackClock "0:00:06"]

1. e4 c6 2. Nc3 d5 3. d4 dxe4 4. Nxe4 Nf6 5. Nxf6+ exf6 6. Nf3 Bd6 7. Bc4 O-O 8. O-O Bg4 9. h3 Bh5 10. g4 Bg6 11. Nh4 Be4 12. Re1 Bd5 13. Bxd5 cxd5 14. Nf5 Bc7 15. Qf3 Re8 16. Rxe8+ Qxe8 17. Bd2 Nc6 18. Re1 Qd7 19. Bf4 g6 20. Bxc7 Qxc7 21. Ne3 Nxd4 22. Qxf6 Qb6 23. Qxb6 axb6 24. Rd1 Ne6 25. a3 d4 26. Nd5 Ra5 27. Nxb6 Rc5 28. Rd2 h5 29. Kg2 h4 30. Kf3 Ng5+ 31. Kg2 Ne6 32. Nd7 Rc7 33. Nf6+ Kg7 34. Nd5 Rc5 35. Nb4 Kf6 36. Nd3 Rc7 37. f4 g5 38. Kf3 Rd7 39. f5 Nc7 40. Ke4 Nb5 41. Nc5 Re7+ 42. Kd5 b6 43. Ne4+ Kg7 44. f6+ 1-0


[Site "https://www.chess.com"]

[Event "Titled Tuesday Blitz June 14 Late 2022"]
[White "Barash, Anton"]
[Black "Simonovic, Miroslav"]
[WhiteFideId "30935229"]
[BlackFideId "919152"]
[WhiteElo "2135"]
[BlackElo "2043"]
[Result "1-0"]
[Round "09"]
[TimeControl "180+1"]
[Date "2022.06.15"]
[WhiteClock "0:00:05"]
[BlackClock "0:00:01"]

1. e4 c5 2. Nf3 Nc6 3. d4 cxd4 4. Nxd4 e5 5. Nb5 d6 6. N1c3 a6 7. Na3 b5 8. Nd5 Nf6 9. Bg5 Be7 10. Bxf6 Bxf6 11. c3 O-O 12. Nc2 Rb8 13. h4 g6 14. g3 Bg7 15. Bh3 Bxh3 16. Rxh3 f5 17. h5 fxe4 18. hxg6 hxg6 19. Qg4 Qc8 20. Qh4 Qf5 21. Rh2 Kf7 22. Nce3 Qf3 23. Qg4 Qxg4 24. Nxg4 Rh8 25. Rxh8 Rxh8 26. Ke2 a5 27. Ke3 Ne7 28. Kxe4 Rc8 29. Nxe7 Kxe7 30. Ne3 Ke6 31. Rh1 Rh8 32. Rxh8 Bxh8 33. Nd5 Kd7 34. b4 a4 35. Kd3 Bg7 36. c4 Kc6 37. Ne7+ Kd7 38. Nxg6 bxc4+ 39. Kxc4 Ke6 40. b5 d5+ 41. Kd3 e4+ 42. Ke2 Bd4 43. Nf4+ Ke5 44. f3 exf3+ 45. Kxf3 Bb6 46. Ke2 Ke4 47. Kd2 d4 48. Nd3 Kf3 49. Nb4 Kxg3 50. Nd5 Ba7 51. Kd3 Kf3 52. b6 Bb8 53. Nb4 Kf4 54. Nc6 1-0


[Site "https://www.chess.com"]

[Event "Titled Tuesday Blitz June 14 Late 2022"]
[White "Bayo Milagro, Alvaro"]
[Black "Lonoff, Marc"]
[WhiteFideId "22275240"]
[BlackFideId "2001349"]
[WhiteElo "2270"]
[BlackElo "2233"]
[Result "1-0"]
[Round "09"]
[TimeControl "180+1"]
[Date "2022.06.15"]
[WhiteClock "0:00:58"]
[BlackClock "0:00:08"]

1. d4 e6 2. c4 Bb4+ 3. Bd2 Qe7 4. g3 Nc6 5. e3 Bxd2+ 6. Qxd2 d6 7. Bg2 Nf6 8. Ne2 e5 9. O-O O-O 10. Nbc3 Bg4 11. Nd5 Qd8 12. Nec3 Re8 13. h3 Bd7 14. dxe5 dxe5 15. Nxf6+ gxf6 16. Rad1 Be6 17. Qe2 Qe7 18. Qh5 Rad8 19. Be4 f5 20. Bxf5 Qf6 21. Qxh7+ Kf8 22. Bxe6 Rxe6 23. Nd5 1-0


[Site "https://www.chess.com"]